Map: World of Sleepers LE

Players

lllllllllll (sOs) - Winner!

  • Race: Protoss Protoss
  • League: Grandmaster
  • Spawn Location: 1:00

TIME (Oliveira)

  • Race: Terran Terran
  • League: Master
  • Spawn Location: 7:00

VOD

Have the link to the VOD?

Description

Time

  • Played on: Jan. 9, 2020, 5:53 a.m.
  • Length: 10:51
Show
View Real Time Build Order
Export as new Build Order

lllllllllll Protoss - Winner!

Build Orders: 1 Gate Expand 

Get SALT Encoding   

  12  0:00  Probe  
  13  0:12  Probe  
  14  0:17  Pylon  
  14  0:25  Probe (Chrono Boost)  
  15  0:37  Probe (Chrono Boost)  
  15  0:38  Gateway  
  16  0:44  Probe (Chrono Boost)  
  16  0:46  Assimilator  
  17  0:51  Probe  
  18  1:03  Probe  
  19  1:15  Probe  
  20  1:25  Cybernetics Core  
  20  1:27  Probe  
  21  1:37  Nexus  
  21  1:42  Pylon  
  21  1:46  Probe  
  22  1:50  Assimilator  
  22  1:58  Probe  
  22  1:59  Adept (Chrono Boost)  
  23  2:02  Warp Gate  
  25  2:10  Probe  
  26  2:21  Stalker (Chrono Boost)  
  28  2:22  Probe  
  29  2:35  Probe  
  30  2:48  Stalker  
  30  2:50  Probe (Chrono Boost)  
  30  2:51  Probe (Chrono Boost)  
  34  3:00  Probe (Chrono Boost)  
  34  3:02  Probe (Chrono Boost)  
  34  3:05  Probe (Chrono Boost)  
  36  3:09  Stargate  
  36  3:11  Probe  
  38  3:17  Probe  
  39  3:23  Probe  
  40  3:29  Probe  
  41  3:35  Probe, Twilight Council  
  41  3:40  Nexus  
  42  3:41  Pylon  
  42  3:43  Probe  
  42  3:45  Gateway  
  42  3:47  Probe  
  44  3:50  Sentry  
  44  3:55  Gateway  
  44  3:57  Probe (Chrono Boost)  
  44  4:01  Phoenix  
  45  4:02  Blink (Chrono Boost)  
  45  4:07  Probe (Chrono Boost)  
  45  4:09  Probe (Chrono Boost)  
  47  4:12  Pylon  
  47  4:13  Stalker  
  50  4:18  Probe (Chrono Boost)  
  50  4:19  Probe (Chrono Boost)  
  50  4:20  Robotics Facility  
  50  4:24  Probe  
  51  4:28  Probe  
  53  4:36  Probe, Stalker  
  56  4:39  Stalker  
  56  4:40  Probe  
  59  4:48  Probe  
  59  4:49  Pylon  
  59  4:52  Probe  
  61  5:00  Probe x2  
  61  5:02  Forge  
  61  5:04  Probe, Forge  
  64  5:09  Observer  
  64  5:10  Stalker x3  
  64  5:13  Probe x2, Assimilator  
  73  5:15  Assimilator  
  73  5:16  Probe  
  73  5:17  Pylon  
  74  5:26  Probe x2 (Chrono Boost)  
  74  5:27  Assimilator  
  77  5:33  Probe (Chrono Boost), Warp Prism  
  77  5:34  Protoss Ground Weapons Level 1 (Chrono Boost), Pylon, Protoss Ground Armor Level 1 (Chrono Boost)  
  79  5:39  Probe (Chrono Boost)  
  79  5:40  Probe (Chrono Boost)  
  79  5:42  Probe (Chrono Boost)  
  82  5:45  Probe  
  82  5:46  Probe  
  82  5:49  Pylon  
  84  5:52  Robotics Bay  
  84  5:57  Gateway  
  84  5:58  Gateway  
  84  6:03  Gateway  
  84  6:05  Charge  
  84  6:06  Zealot x2  
  88  6:12  Zealot  
  86  6:28  Pylon  
  86  6:31  Zealot x2  
  90  6:33  Probe  
  90  6:34  Shield Battery  
  90  6:35  Pylon  
  91  6:40  Colossus (Chrono Boost)  
  91  6:41  Gateway  
  91  6:42  Gateway  
  91  6:46  Stalker  
  91  6:47  Probe, Extended Thermal Lance  
  98  6:56  Probe  
  98  6:58  Pylon  
  99  7:07  Photon Cannon  
  99  7:11  Zealot x6  
  111  7:22  Probe  
  112  7:23  Colossus (Chrono Boost)  
  118  7:33  Nexus  
  118  7:36  Pylon  
  116  7:38  Observer  
  116  7:42  Protoss Ground Weapons Level 2 (Chrono Boost), Protoss Ground Armor Level 2 (Chrono Boost)  
  114  7:47  Zealot x5, Stalker x3  
  114  7:50  Pylon  
  130  7:55  Templar Archives  
  130  8:09  Observer  
  130  8:11  Zealot x5  
  130  8:12  Zealot x3  
  144  8:23  Pylon  
  144  8:28  Pylon  
  144  8:29  Pylon  
  144  8:37  Pylon  
  144  8:40  Colossus (Chrono Boost)  
  150  8:42  High Templar x2  
  150  8:43  High Templar  
  150  8:47  High Templar, Pylon, Zealot x4  
  166  8:50  Gateway  
  166  8:52  Archon, Gateway  
  166  8:54  Probe x4  
  170  8:56  Archon  
  164  9:09  Stalker x4  
  164  9:22  Zealot x2  
  164  9:23  Zealot x2  
  170  9:26  Probe x4  
  170  9:28  Colossus (Chrono Boost)  
  180  9:40  Nexus  
  180  9:51  High Templar x2  
  180  9:52  High Templar x2, Zealot x5  
  194  9:53  Zealot  
  194  9:55  Archon  
  194  9:56  Archon  
  200  10:12  Gateway  
  198  10:16  Gateway  
  198  10:19  Gateway  
  198  10:21  Gateway  
  198  10:26  Pylon  
  184  10:41  Zealot x3  
  184  10:42  Zealot x7  
Show
View Real Time Build Order
Export as new Build Order

TIME Terran 

Build Orders: Reaper Expand 

Get SALT Encoding   

  12  0:02  SCV  
  13  0:14  SCV  
  14  0:18  Supply Depot  
  14  0:26  SCV  
  15  0:39  SCV  
  15  0:42  Barracks  
  16  0:44  Refinery  
  16  0:52  SCV  
  17  1:04  SCV  
  18  1:16  SCV  
  19  1:28  Reaper  
  19  1:29  Orbital Command  
  20  1:45  Command Center  
  20  1:55  SCV, Supply Depot  
  20  2:00  Marine  
  22  2:07  Factory  
  22  2:08  SCV  
  22  2:14  Refinery  
  23  2:20  SCV  
  24  2:23  Bunker  
  24  2:32  Barracks Reactor  
  24  2:38  SCV  
  25  2:51  SCV  
  26  2:52  Widow Mine  
  26  2:58  Starport, Orbital Command  
  28  3:03  SCV  
  29  3:08  Marine x2  
  31  3:14  Widow Mine  
  31  3:15  SCV  
  34  3:25  SCV  
  34  3:26  Marine x2  
  37  3:27  SCV  
  37  3:32  Supply Depot  
  38  3:35  Viking  
  39  3:41  Factory Tech Lab  
  39  3:42  SCV  
  39  3:44  SCV  
  39  3:46  Marine x2  
  43  3:54  SCV  
  44  3:57  SCV  
  45  4:03  Command Center  
  45  4:10  Cyclone  
  45  4:11  SCV  
  45  4:12  SCV  
  45  4:16  Supply Depot  
  50  4:17  Starport Tech Lab  
  50  4:20  Marine x2  
  50  4:23  SCV  
  54  4:24  SCV  
  54  4:38  SCV x2  
  56  4:40  Barracks  
  56  4:43  Starport Tech Lab, Siege Tank  
  56  4:44  Barracks  
  59  4:47  Marine, Supply Depot  
  59  4:49  Stimpack  
  59  4:50  SCV  
  59  4:52  SCV  
  62  5:07  Engineering Bay  
  62  5:08  SCV x2, Engineering Bay  
  62  5:10  Supply Depot  
  62  5:11  Marauder  
  66  5:16  Orbital Command  
  66  5:20  SCV  
  66  5:21  Refinery  
  67  5:23  Refinery  
  67  5:27  SCV  
  68  5:31  Marine x2  
  68  5:33  Factory Reactor, Starport Reactor  
  70  5:36  Barracks  
  70  5:38  Barracks  
  70  5:40  Terran Infantry Weapons Level 1  
  70  5:43  Terran Infantry Armor Level 1  
  70  5:46  SCV x2  
  70  5:49  Marauder  
  74  5:53  Marine, Marauder  
  74  5:54  Marine  
  78  5:58  Supply Depot  
  78  5:59  SCV x2  
  78  6:01  SCV  
  81  6:05  Combat Shield  
  81  6:11  Marauder  
  83  6:15  Marauder  
  80  6:21  Marine x2  
  80  6:23  Medivac x2  
  80  6:24  Widow Mine  
  86  6:25  Widow Mine  
  86  6:27  Marauder  
  86  6:32  Marauder  
  90  6:35  Barracks Reactor  
  90  6:36  SCV x2, Marine  
  90  6:39  Marine  
  94  6:42  Marine  
  95  6:48  SCV, Widow Mine x2  
  95  6:49  Marauder  
  95  6:51  SCV  
  95  6:54  Marine  
  100  6:56  Concussive Shells, Supply Depot  
  100  6:57  Supply Depot  
  101  7:10  Supply Depot  
  101  7:17  Marine x2, SCV x2, Medivac x2  
  101  7:18  Marine x3  
  101  7:19  Marauder x2  
  101  7:20  Orbital Command  
  115  7:29  SCV  
  115  7:31  SCV  
  115  7:35  Marine x2  
  115  7:36  Marine x2, Widow Mine x2  
  124  7:40  Marauder  
  125  7:46  SCV  
  125  7:49  Marine  
  125  7:50  SCV, Marauder  
  125  7:51  Supply Depot x2  
  129  7:52  SCV, Armory  
  129  7:53  Marine  
  131  8:00  Supply Depot  
  131  8:01  Supply Depot, Marauder  
  131  8:05  Marine x2, Missile Turret  
  133  8:08  Marine  
  136  8:13  Marauder  
  136  8:15  Viking x2  
  138  8:21  SCV x3  
  138  8:24  Starport  
  139  8:28  Marauder x2  
  139  8:33  SCV  
  144  8:38  SCV x2  
  144  8:40  Supply Depot  
  146  8:44  Ghost Academy  
  146  8:45  SCV  
  146  8:48  Marine x2, Refinery x2  
  148  8:51  SCV  
  148  8:52  SCV  
  151  9:00  Marine x2  
  151  9:01  Marauder  
  150  9:03  Command Center  
  150  9:07  Marine x2  
  150  9:10  Viking x2  
  150  9:15  Supply Depot  
  148  9:17  Marauder  
  149  9:27  Supply Depot x2  
  149  9:30  Supply Depot  
  149  9:31  Supply Depot  
  149  9:33  Marine  
  148  9:39  Marauder  
  148  9:42  Supply Depot, Marauder  
  149  9:48  Viking x3  
  149  9:49  Marauder  
  149  9:51  Marine x2, Viking  
  161  9:55  Marine x2  
  160  10:10  Marauder  
  160  10:12  Supply Depot  
  160  10:14  SCV  
  162  10:17  Marine  
  162  10:18  Viking  
  162  10:19  Marine x2  
  162  10:20  Viking x2  
  171  10:24  SCV x2  
  173  10:28  Unknown  
  173  10:29  Marauder  
  173  10:31  Unknown  
Tags
 
Add a new tag
Caveats
  • Supply blocks, unpowered buildings, or Contaminate may cause inaccurate times.
  • Supply counts are checked every 10 seconds.